Workbook
Name Население: 'Шаг 3'!#REF!

Sheet Шаг 1
C6: Базовые настройки
D8: Укажите население Вашего города
D21: Будете оказывать услуги по химчистке мебели?
D27: Клинеры будут ездить на заказы на такси или Вы будете их возить саомстоятельно?
C33: Далее выберите вкладку "Шаг 2"
AC105: 2
AD106: 1 | AE106: 0.6 | AF106: 1 | AG106: 6000 | AH106: 1 | AI106: 2400
AD107: 2 | AE107: 0.8 | AF107: 2 | AG107: 7500 | AH107: 2 | AI107: 2700
AD108: 3 | AE108: 1 | AF108: 3 | AG108: 9000 | AH108: 3 | AI108: 3000
AD109: 4 | AE109: 1.2 | AF109: 4 | AG109: 10500 | AH109: 4 | AI109: 3300
AD110: 5 | AE110: 1.4 | AF110: 5 | AG110: 12000 | AH110: 5 | AI110: 3600
AC112: 2
AC114: 1

Sheet Шаг 2
C1: - | D1: Формула, менять значения в ячейках нельзя!
C2: - | D2: Базовые значения, можно изменить самостоятельно!
B4: Финансовая модель Клининговой компании
D6: 1 месяц | F6: 2 месяц | H6: 3 месяц | J6: 4 месяц | L6: 5 месяц | N6: 6 месяц | P6: 7 месяц | R6: 8 месяц | T6: 9 месяц | V6: 10 месяц | X6: 11 месяц | Z6: 12 месяц
B8: Стартовые вложения* | D8: 150000 | E8: *полный перечень стартовых вложений есть в нашем обучающем курсе по открытию своей Клининговой компании. Программа курса на нашем сайте: biznes-cleaning-v5.ru | X8: Перейти на сайт
B10: Количество заказов по уборке в месяц | D10: =10 * VLOOKUP('Шаг 1'!AC105, 'Шаг 1'!AD106:AE110, 2, FALSE) -> 8 | F10: =15 * VLOOKUP('Шаг 1'!AC105, 'Шаг 1'!AD106:AE110, 2, FALSE) -> 12 | H10: =22 * VLOOKUP('Шаг 1'!AC105, 'Шаг 1'!AD106:AE110, 2, FALSE) -> 17.6 | J10: =26 * VLOOKUP('Шаг 1'!AC105, 'Шаг 1'!AD106:AE110, 2, FALSE) -> 20.8 | L10: =30 * VLOOKUP('Шаг 1'!AC105, 'Шаг 1'!AD106:AE110, 2, FALSE) -> 24 | N10: =35 * VLOOKUP('Шаг 1'!AC105, 'Шаг 1'!AD106:AE110, 2, FALSE) -> 28 | P10: =39 * VLOOKUP('Шаг 1'!AC105, 'Шаг 1'!AD106:AE110, 2, FALSE) -> 31.2 | R10: =44 * VLOOKUP('Шаг 1'!AC105, 'Шаг 1'!AD106:AE110, 2, FALSE) -> 35.2 | T10: =49 * VLOOKUP('Шаг 1'!AC105, 'Шаг 1'!AD106:AE110, 2, FALSE) -> 39.2 | V10: =49 * VLOOKUP('Шаг 1'!AC105, 'Шаг 1'!AD106:AE110, 2, FALSE) -> 39.2 | X10: =49 * VLOOKUP('Шаг 1'!AC105, 'Шаг 1'!AD106:AE110, 2, FALSE) -> 39.2 | Z10: =49 * VLOOKUP('Шаг 1'!AC105, 'Шаг 1'!AD106:AE110, 2, FALSE) -> 39.2
B12: Средний чек на уборку | D12: =1 * VLOOKUP('Шаг 1'!AC105, 'Шаг 1'!AF106:AG110, 2, FALSE) -> 7500 | F12: =1 * VLOOKUP('Шаг 1'!AC105, 'Шаг 1'!AF106:AG110, 2, FALSE) -> 7500 | H12: =1 * VLOOKUP('Шаг 1'!AC105, 'Шаг 1'!AF106:AG110, 2, FALSE) -> 7500 | J12: =1 * VLOOKUP('Шаг 1'!AC105, 'Шаг 1'!AF106:AG110, 2, FALSE) -> 7500 | L12: =1 * VLOOKUP('Шаг 1'!AC105, 'Шаг 1'!AF106:AG110, 2, FALSE) -> 7500 | N12: =1 * VLOOKUP('Шаг 1'!AC105, 'Шаг 1'!AF106:AG110, 2, FALSE) -> 7500 | P12: =1 * VLOOKUP('Шаг 1'!AC105, 'Шаг 1'!AF106:AG110, 2, FALSE) -> 7500 | R12: =1 * VLOOKUP('Шаг 1'!AC105, 'Шаг 1'!AF106:AG110, 2, FALSE) -> 7500 | T12: =1 * VLOOKUP('Шаг 1'!AC105, 'Шаг 1'!AF106:AG110, 2, FALSE) -> 7500 | V12: =1 * VLOOKUP('Шаг 1'!AC105, 'Шаг 1'!AF106:AG110, 2, FALSE) -> 7500 | X12: =1 * VLOOKUP('Шаг 1'!AC105, 'Шаг 1'!AF106:AG110, 2, FALSE) -> 7500 | Z12: =1 * VLOOKUP('Шаг 1'!AC105, 'Шаг 1'!AF106:AG110, 2, FALSE) -> 7500
B14: Количество заказов по мытью окон в месяц | D14: =7 * VLOOKUP('Шаг 1'!AC105, 'Шаг 1'!AD106:AE110, 2, FALSE) -> 5.6 | F14: =8 * VLOOKUP('Шаг 1'!AC105, 'Шаг 1'!AD106:AE110, 2, FALSE) -> 6.4 | H14: =9 * VLOOKUP('Шаг 1'!AC105, 'Шаг 1'!AD106:AE110, 2, FALSE) -> 7.2 | J14: =10 * VLOOKUP('Шаг 1'!AC105, 'Шаг 1'!AD106:AE110, 2, FALSE) -> 8 | L14: =10 * VLOOKUP('Шаг 1'!AC105, 'Шаг 1'!AD106:AE110, 2, FALSE) -> 8 | N14: =10 * VLOOKUP('Шаг 1'!AC105, 'Шаг 1'!AD106:AE110, 2, FALSE) -> 8 | P14: =12 * VLOOKUP('Шаг 1'!AC105, 'Шаг 1'!AD106:AE110, 2, FALSE) -> 9.6 | R14: =12 * VLOOKUP('Шаг 1'!AC105, 'Шаг 1'!AD106:AE110, 2, FALSE) -> 9.6 | T14: =12 * VLOOKUP('Шаг 1'!AC105, 'Шаг 1'!AD106:AE110, 2, FALSE) -> 9.6 | V14: =14 * VLOOKUP('Шаг 1'!AC105, 'Шаг 1'!AD106:AE110, 2, FALSE) -> 11.2 | X14: =14 * VLOOKUP('Шаг 1'!AC105, 'Шаг 1'!AD106:AE110, 2, FALSE) -> 11.2 | Z14: =14 * VLOOKUP('Шаг 1'!AC105, 'Шаг 1'!AD106:AE110, 2, FALSE) -> 11.2
B16: Средний чек на мойку окон | D16: =1 * VLOOKUP('Шаг 1'!AC105, 'Шаг 1'!AH106:AI110, 2, FALSE) -> 2700 | F16: =1 * VLOOKUP('Шаг 1'!AC105, 'Шаг 1'!AH106:AI110, 2, FALSE) -> 2700 | H16: =1 * VLOOKUP('Шаг 1'!AC105, 'Шаг 1'!AH106:AI110, 2, FALSE) -> 2700 | J16: =1 * VLOOKUP('Шаг 1'!AC105, 'Шаг 1'!AH106:AI110, 2, FALSE) -> 2700 | L16: =1 * VLOOKUP('Шаг 1'!AC105, 'Шаг 1'!AH106:AI110, 2, FALSE) -> 2700 | N16: =1 * VLOOKUP('Шаг 1'!AC105, 'Шаг 1'!AH106:AI110, 2, FALSE) -> 2700 | P16: =1 * VLOOKUP('Шаг 1'!AC105, 'Шаг 1'!AH106:AI110, 2, FALSE) -> 2700 | R16: =1 * VLOOKUP('Шаг 1'!AC105, 'Шаг 1'!AH106:AI110, 2, FALSE) -> 2700 | T16: =1 * VLOOKUP('Шаг 1'!AC105, 'Шаг 1'!AH106:AI110, 2, FALSE) -> 2700 | V16: =1 * VLOOKUP('Шаг 1'!AC105, 'Шаг 1'!AH106:AI110, 2, FALSE) -> 2700 | X16: =1 * VLOOKUP('Шаг 1'!AC105, 'Шаг 1'!AH106:AI110, 2, FALSE) -> 2700 | Z16: =1 * VLOOKUP('Шаг 1'!AC105, 'Шаг 1'!AH106:AI110, 2, FALSE) -> 2700
B18: Количество заказов на химчистку мебели в месяц | D18: =IF('Шаг 1'!AC112=2, 0, 7 * VLOOKUP('Шаг 1'!AC105, 'Шаг 1'!AD106:AE110, 2, FALSE)) -> 0 | F18: =IF('Шаг 1'!AC112=2, 0, 8 * VLOOKUP('Шаг 1'!AC105, 'Шаг 1'!AD106:AE110, 2, FALSE)) -> 0 | H18: =IF('Шаг 1'!AC112=2, 0, 9 * VLOOKUP('Шаг 1'!AC105, 'Шаг 1'!AD106:AE110, 2, FALSE)) -> 0 | J18: =IF('Шаг 1'!AC112=2, 0, 10 * VLOOKUP('Шаг 1'!AC105, 'Шаг 1'!AD106:AE110, 2, FALSE)) -> 0 | L18: =IF('Шаг 1'!AC112=2, 0, 10 * VLOOKUP('Шаг 1'!AC105, 'Шаг 1'!AD106:AE110, 2, FALSE)) -> 0 | N18: =IF('Шаг 1'!AC112=2, 0, 10 * VLOOKUP('Шаг 1'!AC105, 'Шаг 1'!AD106:AE110, 2, FALSE)) -> 0 | P18: =IF('Шаг 1'!AC112=2, 0, 12 * VLOOKUP('Шаг 1'!AC105, 'Шаг 1'!AD106:AE110, 2, FALSE)) -> 0 | R18: =IF('Шаг 1'!AC112=2, 0, 12 * VLOOKUP('Шаг 1'!AC105, 'Шаг 1'!AD106:AE110, 2, FALSE)) -> 0 | T18: =IF('Шаг 1'!AC112=2, 0, 12 * VLOOKUP('Шаг 1'!AC105, 'Шаг 1'!AD106:AE110, 2, FALSE)) -> 0 | V18: =IF('Шаг 1'!AC112=2, 0, 14 * VLOOKUP('Шаг 1'!AC105, 'Шаг 1'!AD106:AE110, 2, FALSE)) -> 0 | X18: =IF('Шаг 1'!AC112=2, 0, 14 * VLOOKUP('Шаг 1'!AC105, 'Шаг 1'!AD106:AE110, 2, FALSE)) -> 0 | Z18: =IF('Шаг 1'!AC112=2, 0, 14 * VLOOKUP('Шаг 1'!AC105, 'Шаг 1'!AD106:AE110, 2, FALSE)) -> 0
B20: Средний чек на химчистку мебели | D20: =IF('Шаг 1'!AC112=2, 0, 1 * VLOOKUP('Шаг 1'!AC105, 'Шаг 1'!AH106:AI110, 2, FALSE)) -> 0 | F20: =IF('Шаг 1'!AC112=2, 0, 1 * VLOOKUP('Шаг 1'!AC105, 'Шаг 1'!AH106:AI110, 2, FALSE)) -> 0 | H20: =IF('Шаг 1'!AC112=2, 0, 1 * VLOOKUP('Шаг 1'!AC105, 'Шаг 1'!AH106:AI110, 2, FALSE)) -> 0 | J20: =IF('Шаг 1'!AC112=2, 0, 1 * VLOOKUP('Шаг 1'!AC105, 'Шаг 1'!AH106:AI110, 2, FALSE)) -> 0 | L20: =IF('Шаг 1'!AC112=2, 0, 1 * VLOOKUP('Шаг 1'!AC105, 'Шаг 1'!AH106:AI110, 2, FALSE)) -> 0 | N20: =IF('Шаг 1'!AC112=2, 0, 1 * VLOOKUP('Шаг 1'!AC105, 'Шаг 1'!AH106:AI110, 2, FALSE)) -> 0 | P20: =IF('Шаг 1'!AC112=2, 0, 1 * VLOOKUP('Шаг 1'!AC105, 'Шаг 1'!AH106:AI110, 2, FALSE)) -> 0 | R20: =IF('Шаг 1'!AC112=2, 0, 1 * VLOOKUP('Шаг 1'!AC105, 'Шаг 1'!AH106:AI110, 2, FALSE)) -> 0 | T20: =IF('Шаг 1'!AC112=2, 0, 1 * VLOOKUP('Шаг 1'!AC105, 'Шаг 1'!AH106:AI110, 2, FALSE)) -> 0 | V20: =IF('Шаг 1'!AC112=2, 0, 1 * VLOOKUP('Шаг 1'!AC105, 'Шаг 1'!AH106:AI110, 2, FALSE)) -> 0 | X20: =IF('Шаг 1'!AC112=2, 0, 1 * VLOOKUP('Шаг 1'!AC105, 'Шаг 1'!AH106:AI110, 2, FALSE)) -> 0 | Z20: =IF('Шаг 1'!AC112=2, 0, 1 * VLOOKUP('Шаг 1'!AC105, 'Шаг 1'!AH106:AI110, 2, FALSE)) -> 0
B22: Выручка | D22: =D10*D12+D14*D16+D18*D20 -> 75120 | F22: =F10*F12+F14*F16+F18*F20 -> 107280 | H22: =H10*H12+H14*H16+H18*H20 -> 151440 | J22: =J10*J12+J14*J16+J18*J20 -> 177600 | L22: =L10*L12+L14*L16+L18*L20 -> 201600 | N22: =N10*N12+N14*N16+N18*N20 -> 231600 | P22: =P10*P12+P14*P16+P18*P20 -> 259920 | R22: =R10*R12+R14*R16+R18*R20 -> 289920 | T22: =T10*T12+T14*T16+T18*T20 -> 319920 | V22: =V10*V12+V14*V16+V18*V20 -> 324240 | X22: =X10*X12+X14*X16+X18*X20 -> 324240 | Z22: =Z10*Z12+Z14*Z16+Z18*Z20 -> 324240
B24: Аренда офиса | D24: 0 | F24: 0 | H24: 0 | J24: 0 | L24: 0 | N24: 0 | P24: 0 | R24: 0 | T24: 0 | V24: 0 | X24: 0 | Z24: 0
B26: Химия | D26: =D22*0.05 -> 3756 | F26: =F22*0.05 -> 5364 | H26: =H22*0.05 -> 7572 | J26: =J22*0.05 -> 8880 | L26: =L22*0.05 -> 10080 | N26: =N22*0.05 -> 11580 | P26: =P22*0.05 -> 12996 | R26: =R22*0.05 -> 14496 | T26: =T22*0.05 -> 15996 | V26: =V22*0.05 -> 16212 | X26: =X22*0.05 -> 16212 | Z26: =Z22*0.05 -> 16212
B28: ФОТ | D28: =D22*0.3 -> 22536 | F28: =F22*0.3 -> 32184 | H28: =H22*0.3 -> 45432 | J28: =J22*0.3 -> 53280 | L28: =L22*0.3 -> 60480 | N28: =N22*0.3 -> 69480 | P28: =P22*0.3 -> 77976 | R28: =R22*0.3 -> 86976 | T28: =T22*0.3 -> 95976 | V28: =V22*0.3 -> 97272 | X28: =X22*0.3 -> 97272 | Z28: =Z22*0.3 -> 97272
B30: Транспорт | D30: =IF('Шаг 1'!AC114=1, D22*0.1, D22*0.05) -> 7512 | F30: =IF('Шаг 1'!AC114=1, F22*0.1, F22*0.05) -> 10728 | H30: =IF('Шаг 1'!AC114=1, H22*0.1, H22*0.05) -> 15144 | J30: =IF('Шаг 1'!AC114=1, J22*0.1, J22*0.05) -> 17760 | L30: =IF('Шаг 1'!AC114=1, L22*0.1, L22*0.05) -> 20160 | N30: =IF('Шаг 1'!AC114=1, N22*0.1, N22*0.05) -> 23160 | P30: =IF('Шаг 1'!AC114=1, P22*0.1, P22*0.05) -> 25992 | R30: =IF('Шаг 1'!AC114=1, R22*0.1, R22*0.05) -> 28992 | T30: =IF('Шаг 1'!AC114=1, T22*0.1, T22*0.05) -> 31992 | V30: =IF('Шаг 1'!AC114=1, V22*0.1, V22*0.05) -> 32424 | X30: =IF('Шаг 1'!AC114=1, X22*0.1, X22*0.05) -> 32424 | Z30: =IF('Шаг 1'!AC114=1, Z22*0.1, Z22*0.05) -> 32424
B32: Налоги | D32: =D22*0.06 -> 4507.2 | F32: =F22*0.06 -> 6436.8 | H32: =H22*0.06 -> 9086.4 | J32: =J22*0.06 -> 10656 | L32: =L22*0.06 -> 12096 | N32: =N22*0.06 -> 13896 | P32: =P22*0.06 -> 15595.2 | R32: =R22*0.06 -> 17395.2 | T32: =T22*0.06 -> 19195.2 | V32: =V22*0.06 -> 19454.4 | X32: =X22*0.06 -> 19454.4 | Z32: =Z22*0.06 -> 19454.4
B34: Реклама | D34: 15000 | F34: 15000 | H34: 15000 | J34: 15000 | L34: 15000 | N34: 15000 | P34: 15000 | R34: 15000 | T34: 15000 | V34: 15000 | X34: 15000 | Z34: 15000
B36: Связь/CRM | D36: 2000 | F36: 2000 | H36: 2000 | J36: 2000 | L36: 2000 | N36: 2000 | P36: 2000 | R36: 2000 | T36: 2000 | V36: 2000 | X36: 2000 | Z36: 2000
B38: Прочие расходы | D38: 15000 | F38: 15000 | H38: 15000 | J38: 15000 | L38: 15000 | N38: 15000 | P38: 15000 | R38: 15000 | T38: 15000 | V38: 15000 | X38: 15000 | Z38: 15000
B40: Ежемесячные расходы | D40: =SUM(D24:D39) -> 70311.2 | F40: =SUM(F24:F39) -> 86712.8 | H40: =SUM(H24:H39) -> 109234.4 | J40: =SUM(J24:J39) -> 122576 | L40: =SUM(L24:L39) -> 134816 | N40: =SUM(N24:N39) -> 150116 | P40: =SUM(P24:P39) -> 164559.2 | R40: =SUM(R24:R39) -> 179859.2 | T40: =SUM(T24:T39) -> 195159.2 | V40: =SUM(V24:V39) -> 197362.4 | X40: =SUM(X24:X39) -> 197362.4 | Z40: =SUM(Z24:Z39) -> 197362.4
B42: Итого прибыль | D42: =D22-D40 -> 4808.8 | F42: =F22-F40 -> 20567.2 | H42: =H22-H40 -> 42205.6 | J42: =J22-J40 -> 55024 | L42: =L22-L40 -> 66784 | N42: =N22-N40 -> 81484 | P42: =P22-P40 -> 95360.8 | R42: =R22-R40 -> 110060.8 | T42: =T22-T40 -> 124760.8 | V42: =V22-V40 -> 126877.6 | X42: =X22-X40 -> 126877.6 | Z42: =Z22-Z40 -> 126877.6
B44: Окупаемость | D44: =D42-D8 -> -145191.2 | F44: =D44+F42 -> -124624 | H44: =F44+H42 -> -82418.4 | J44: =H44+J42 -> -27394.4 | L44: =J44+L42 -> 39389.6 | N44: =L44+N42 -> 120873.6 | P44: =N44+P42 -> 216234.4 | R44: =P44+R42 -> 326295.2 | T44: =R44+T42 -> 451056 | V44: =T44+V42 -> 577933.6 | X44: =V44+X42 -> 704811.2 | Z44: =X44+Z42 -> 831688.8
B50: ℹ️ Примечание: Данная таблица создана в ознакомительных целях, чтобы помочь вам понять ориентировочные цифры и основные параметры клинингового бизнеса. Модель не является точным прогнозом и может не учитывать все факторы, влияющие на результат. В частности, в расчётах не учтены: -сезонные колебания спроса; -амортизация оборудования; -абонентские договоры и дополнительные услуги; -возможные непредвиденные расходы. Фактические показатели могут отличаться в зависимости от региона, стратегии работы, качества рекламы, квалификации персонала и других обстоятельств.

Sheet Шаг 3
